 Dungeon Crawl Stone Soup version 0.31-a0-187-gba352fbbf7 (webtiles) character file.

Game seed: 12085894807196025914

1420 qw the Skirmisher (level 8, 0/46 HPs)
             Began as a Deep Elf Hunter on June 22, 2023.
             Was an Initiate of Okawaru.
             Slain by Pikel
             ... wielding a +1 whip of flaming
              (5 damage)
             ... on level 5 of the Dungeon.
             The game lasted 00:02:00 (4724 turns).

qw the Skirmisher (Deep Elf Hunter)                 Turns: 4724, Time: 00:02:00

Health: 0/46       AC: 16    Str: 10    XL:     8   Next: 43%
Magic:  12/12      EV: 15    Int: 18    God:    Okawaru [......]
Gold:   262        SH:  0    Dex: 18    Spells: 7/7 levels left

rFire   . . .        Y - +0 orcbow
rCold   . . .        (shield currently unavailable)
rNeg    . . .        h - +0 ring mail
rPois   .            c - +0 helmet
rElec   .            (no cloak)
rCorr   .            k - +0 pair of gloves
SInv    .            e - +2 pair of boots
Will    +....        (no amulet)
Stlth   +++          d - ring of Hora Uwo {AC+4 Int+3}
HPRegen 0.27/turn    b - ring of willpower
MPRegen 0.13/turn

%: no passive effects
@: heroic
A: no striking features
a: Renounce Religion


You were on level 5 of the Dungeon.
You worshipped Okawaru.
Okawaru was noncommittal.
You visited 2 branches of the dungeon, and saw 7 of its levels.

You collected 262 gold pieces.


   Skills:
 - Level 3.5(8.5) Fighting
 - Level 12.0(17.0) Ranged Weapons
 - Level 1.1(6.1) Armour
 + Level 3.9(8.9) Dodging
 - Level 1.2(6.2) Stealth
 - Level 3.8 Invocations


You had 7 spell levels left.
You didn't know any spells.
Your spell library was empty.

Inventory:

Hand Weapons
 Y - a +0 orcbow (weapon)
Armour
 c - a +0 helmet (worn)
 e - a +2 pair of boots (worn)
 h - a +0 ring mail (worn)
 k - a +0 pair of gloves (worn)
Jewellery
 b - a ring of willpower (right hand)
 d - the ring of Hora Uwo (left hand) {AC+4 Int+3}
   (You found it on level 2 of the Dungeon)

   [ring of protection]

   AC:        It affects your AC (+4).
   Int:       It affects your intelligence (+3).
Scrolls
 g - a scroll of identify
Potions
 a - 3 potions of haste
 i - a potion of might {unknown}
 j - 2 potions of curing
 l - a potion of degeneration {unknown}

Dungeon Overview and Level Annotations

Branches:
Dungeon (6/15)             Temple (1/1) D:4

Altars:
Ashenzari
Cheibriados
Elyvilon
Fedhas
Gozag
Hepliaklqana
Kikubaaqudgha
Makhleb
Nemelex Xobeh
Okawaru
Qazlal
Ru
Sif Muna
Trog
Uskayaw
Vehumet
Wu Jian
Xom
Yredelemnul
Zin
The Shining One

Annotations:
D:6 Pikel


Message History

The arrow hits the lemure!!
You kill the lemure!
That felt strangely unrewarding.
You shoot an arrow. The arrow hits the lemure.
The lemure is lightly wounded.
Something hits you! Something burns you.
The lemure hits you but does no damage.
You shoot an arrow. The arrow hits the lemure.
The lemure is moderately wounded.
Something hits you but does no damage. The lemure completely misses you.
You shoot an arrow. The arrow barely misses the lemure.
Something hits you! Something burns you. The lemure hits you.
You shoot an arrow. The arrow hits the lemure!
The lemure is almost dead.
You shoot an arrow. The arrow hits the lemure!
You kill the lemure!
That felt strangely unrewarding.
Something hits you! Something burns you.
4717 ||| FLEEEEING.
Something hits you but does no damage.
4718 ||| FLEEEEING.
4719 ||| FLEEEEING.
4720 ||| FLEEEEING.
Something hits you. Something burns you.
There is a stone staircase leading up here.
4721 ||| STAIRDANCE Something hits you.
Something burns you.
You climb upwards.
Reactivating autopickup.
There is a stone staircase leading down here.
Enter note:
Enter note:
Enter note:
Enter note:
Enter note:
Enter note: You start resting.
Something hits you! Something burns you.
Deactivating autopickup; reactivate with Ctrl-A.
Autopickup is now on.
You start resting.
Something hits you.
You die...

# #........#.........##..# #.....
####.##..###.........###.###.####
..##.##...##....<.........##.####
#.##.##....#.........###.........
#....##.#..#.........# ##.##.###.
###..##.#..#.........# #.##.# #.
##..##.#..#.........## #.#..# #.
##...##.#..##.........# #...## #.
...#.##.#...#...@..##.# ##.## ##.
.###.##.#.#...........####.# ##..
## #.##...#.......##....##.###...
# #.###..#.......###.#........#.
#...##...####### #.##....####.
###.......## #.#..........
#####.....#...#######.#.....#....
......###.##.............##......
####### #.#...##<........###.....


There were no monsters in sight!

Vanquished Creatures
  Grinder (D:4)
  Edmund (D:5)
  2 water moccasins (D:4)
  An orc warrior (D:4)
  A black bear (D:5)
  A centaur (D:5)
  2 lemures (D:6)
  2 hounds (D:5)
  A jelly (D:5)
  A gnoll bouda (D:5)
  2 iguanas
  2 sleepcaps (D:5)
  3 orc wizards
  Natasha (thrice) (D:4)
  5 gnolls (D:5)
  7 adders
  A shadow imp (D:5)
  A white imp (D:4)
  6 worms
  2 dart slugs (D:5)
  7 orcs
  6 ball pythons
  6 bats
  8 endoplasms
  2 giant cockroaches (D:1)
  3 goblins
  6 hobgoblins
  8 jackals
  6 kobolds
  6 quokkas
  3 frilled lizards
  7 rats
113 creatures vanquished.

Notes
Turn   | Place    | Note
-------+----------+-------------------------------------------
     0 | D:1      | qw the Deep Elf Hunter began the quest for the Orb.
     0 | D:1      | Reached XP level 1. HP: 12/12 MP: 3/3
     0 | D:1      | 0 ||| qw: Version: 0.3-a-9-g12657ce
     0 | D:1      | 0 ||| qw: Game counter: 2495
     0 | D:1      | 0 ||| qw: Always use a shield: true
     0 | D:1      | 0 ||| qw: God list: Okawaru
     0 | D:1      | 0 ||| qw: Allow faded altars: false
     0 | D:1      | 0 ||| qw: Do Orc after D:15 true
     0 | D:1      | 0 ||| qw: Do second Lair branch before Depths: true
     0 | D:1      | 0 ||| qw: Lair rune preference: random
     0 | D:1      | 0 ||| qw: Plans: Normal
     0 | D:1      | 0 ||| PLANNING D:1-11
   141 | D:1      | Reached skill level 6 in Ranged Weapons
   141 | D:1      | Reached XP level 2. HP: 16/16 MP: 4/4
   573 | D:1      | 573 ||| UPGRADING to +0 ring mail.
   583 | D:1      | 583 ||| DROPPING +0 leather armour.
   584 | D:1      | 584 ||| UPGRADING to +0 pair of gloves.
   589 | D:1      | 589 ||| DROPPING ring of magical power.
   590 | D:1      | 590 ||| READING scroll labelled DEDALE MESA.
   591 | D:1      | 591 ||| READING scroll labelled BONGINTEUL.
   592 | D:1      | 592 ||| READING 2 scrolls labelled VAMUUNA ANYWN.
   593 | D:1      | 593 ||| READING scroll labelled KUIRRA DUCOB.
   598 | D:1      | 598 ||| DROPPING scroll of butterflies.
   647 | D:2      | Reached XP level 3. HP: 8/20 MP: 5/5
   647 | D:2      | 647 ||| FLEEEEING.
   648 | D:2      | 648 ||| FLEEEEING.
   649 | D:2      | 649 ||| STAIRDANCE
   709 | D:2      | 709 ||| STAIRDANCE
   731 | D:1      | 731 ||| READING 2 scrolls of identify.
   731 | D:1      | 731 ||| IDENTIFYING red potion
   732 | D:1      | 732 ||| DROPPING potion of attraction.
   851 | D:2      | Reached skill level 7 in Ranged Weapons
   993 | D:2      | Identified the ring of Hora Uwo {AC+4 Int+3}
  1478 | D:2      | 1478 ||| UPGRADING to +2 pair of boots.
  1483 | D:2      | 1483 ||| UPGRADING to ring of Hora Uwo {AC+4 Int+3}.
  1484 | D:2      | 1484 ||| READING scroll labelled OPESTR WUEDWOSTRESK.
  1485 | D:2      | 1485 ||| READING 2 scrolls of identify.
  1485 | D:2      | 1485 ||| IDENTIFYING pink potion
  1509 | D:3      | Reached XP level 4. HP: 23/25 MP: 6/6
  1998 | D:3      | Found a glowing golden altar of the Shining One.
  2138 | D:3      | Found a hazy altar of Hepliaklqana.
  2371 | D:3      | 2371 ||| UPGRADING to ring of willpower.
  2372 | D:3      | 2372 ||| READING scroll labelled BUFUGG PUAC.
  2373 | D:3      | 2373 ||| DRINKING 3 glowing ruby potions.
  2374 | D:3      | 2374 ||| READING 2 scrolls of identify.
  2374 | D:3      | 2374 ||| IDENTIFYING green potion
  2376 | D:3      | 2376 ||| Stepping ~*~*~tactically~*~*~ (cloud).
  2381 | D:3      | HP: 6/25 [poisoned by you (poison gas)]
  2491 | D:4      | Found a staircase to the Ecumenical Temple.
  2492 | D:4      | 2492 ||| PLANNING TEMPLE
  2502 | D:4      | Reached skill level 8 in Ranged Weapons
  2529 | Temple   | Entered the Ecumenical Temple
  2537 | Temple   | 2537 ||| PLANNING OKAWARU WORSHIP
  2698 | Temple   | Became a worshipper of Warmaster Okawaru
  2699 | Temple   | 2699 ||| PLANNING D:1-11
  2725 | D:4      | Noticed Natasha
  2731 | D:4      | Killed Natasha
  2736 | D:4      | Noticed Natasha
  2739 | D:4      | Killed Natasha
  2740 | D:4      | Reached XP level 5. HP: 28/29 MP: 7/7
  2750 | D:4      | Noticed a water moccasin
  2761 | D:4      | Killed a water moccasin
  2761 | D:4      | Reached * piety under Okawaru
  2762 | D:4      | Reached skill level 9 in Ranged Weapons
  2762 | D:4      | Reached XP level 6. HP: 20/34 MP: 8/8
  2762 | D:4      | 2762 ||| INVOKING Heroism.
  2767 | D:4      | HP: 8/34 [orc/+0 flail (4)]
  2768 | D:4      | 2768 ||| READING scroll of teleportation.
  2769 | D:4      | 2769 ||| DRINKING potion of heal wounds.
  2900 | D:4      | Noticed Grinder
  2901 | D:4      | 2901 ||| INVOKING Heroism.
  2913 | D:4      | Killed Grinder
  2914 | D:4      | Reached skill level 3 in Fighting
  2970 | D:4      | 2970 ||| INVOKING Heroism.
  2971 | D:4      | Noticed an orc warrior
  2982 | D:4      | 2982 ||| INVOKING Heroism.
  2994 | D:4      | 2994 ||| INVOKING Heroism.
  2996 | D:4      | Reached skill level 1 in Armour
  2996 | D:4      | Reached XP level 7. HP: 28/41 MP: 4/9
  2997 | D:4      | Reached skill level 10 in Ranged Weapons
  3122 | D:4      | 3122 ||| INVOKING Heroism.
  3178 | D:4      | Noticed Natasha
  3179 | D:4      | 3179 ||| FLEEEEING.
  3180 | D:4      | 3180 ||| FLEEEEING.
  3181 | D:4      | 3181 ||| FLEEEEING.
  3197 | D:4      | Killed Natasha
  3198 | D:4      | Reached skill level 3 in Dodging
  3850 | D:5      | Entered Level 5 of the Dungeon
  3864 | D:5      | 3864 ||| STAIRDANCE
  3868 | D:4      | HP: 8/41 [water moccasin (6)]
  3870 | D:4      | HP: 2/41 [poisoned by a water moccasin]
  3871 | D:4      | 3871 ||| DRINKING 2 potions of curing.
  3871 | D:4      | 3871 ||| (to cure poison)
  4025 | D:5      | Reached skill level 11 in Ranged Weapons
  4025 | D:5      | Reached skill level 1 in Invocations
  4052 | D:5      | 4052 ||| INVOKING Heroism.
  4139 | D:5      | Noticed Edmund
  4140 | D:5      | 4140 ||| INVOKING Heroism.
  4153 | D:5      | Killed Edmund
  4154 | D:5      | Reached XP level 8. HP: 46/46 MP: 9/11
  4312 | D:5      | Identified the +9 mace of Fortitude {freeze, rElec rC++}
  4313 | D:5      | 4313 ||| SWAPPING to +0 orcbow.
  4314 | D:5      | 4314 ||| DROPPING +1 shortbow.
  4330 | D:5      | 4330 ||| INVOKING Heroism.
  4337 | D:5      | Reached skill level 12 in Ranged Weapons
  4337 | D:5      | Reached skill level 3 in Invocations
  4405 | D:5      | 4405 ||| INVOKING Heroism.
  4646 | D:5      | 4646 ||| UPGRADING to +0 helmet.
  4651 | D:5      | 4651 ||| READING scroll labelled ITICWI TEIZE.
  4701 | D:6      | Noticed Pikel
  4702 | D:6      | 4702 ||| INVOKING Heroism.
  4717 | D:6      | 4717 ||| FLEEEEING.
  4718 | D:6      | 4718 ||| FLEEEEING.
  4719 | D:6      | 4719 ||| FLEEEEING.
  4720 | D:6      | 4720 ||| FLEEEEING.
  4721 | D:6      | 4721 ||| STAIRDANCE
  4723 | D:5      | HP: 5/46 [something (8)]
  4724 | D:5      | Slain by Pikel

Levels and vault maps discovered:
D:1:      amcnicky_arrival_feature_with_door, layout_loops_cross, minivault_23
D:2:      layout_basic, serial_bayou_pond_a
D:3:      layout_basic, mainiacjoe_overflow_big_doors
D:4:      layout_basic, minmay_temple_entry_ruins, uniq_grinder, uniq_natasha
D:5:      layout_rooms, uniq_edmund
D:6:      hangedman_cross_stitches, layout_basic, uniq_pikel,
          uniq_crazy_yiuf_cottage, uniq_eustachio
Temple:   nicolae_temple_bog_church

Skill      XL: |  1  2  3  4  5  6  7  8 |
---------------+-------------------------+-----
Ranged Weapons | 6 7 8 9 11 12 | 12.0
Fighting       | 3 |  3.5
Armour         | 1 |  1.1
Dodging        | 3 |  3.9
Invocations    | 2 3 |  3.8
Stealth        | |  1.2

Action                     |  1- 3 |  4- 6 |  7- 9 || total
---------------------------+-------+-------+-------++-------
   Fire: Shortbow          |   118 |   160 |   139 ||   417
         Orcbow            |       |       |    55 ||    55
 Invoke: Heroism           |       |     5 |     6 ||    11
    Use: Scroll            |     7 |     3 |     1 ||    11
         Potion            |       |     2 |     1 ||     3
 Armour: Ring mail         |    13 |    41 |    59 ||   113
         Leather armour    |     1 |       |       ||     1
  Dodge: Dodged            |    22 |    45 |    57 ||   124

Table legend:
 A = Non-vault XP
 B = Vault XP
 C = Vault XP percentage of total XP
 D = Non-vault monster count
 E = Vault monster count
 F = Vault count percentage of total count
                 A         B        C        D         E       F
            +---------+---------+-------+---------+---------+-------
      Total |    1539 |     490 |  24.1 |     108 |       3 |   2.7
            +---------+---------+-------+---------+---------+-------
        D:1 |      31 |       0 |   0.0 |      18 |       0 |   0.0
        D:2 |      64 |       0 |   0.0 |      20 |       0 |   0.0
        D:3 |      50 |       0 |   0.0 |      23 |       0 |   0.0
        D:4 |     693 |     321 |  31.7 |      19 |       2 |   9.5
        D:5 |     701 |     169 |  19.4 |      28 |       1 |   3.4
            +---------+---------+-------+---------+---------+-------
